 Dungeon Crawl Stone Soup version 0.17.1-3-g152610e (webtiles) character file.

13423 Breadlance the Cleaver (level 11, -2/99 HPs)
             Began as a Minotaur Fighter on Mar 31, 2016.
             Was a Priest of Trog.
             Shot with a poisoned arrow by Nessos (9 damage)
             ... on level 3 of the Orcish Mines.
             The game lasted 00:43:20 (13024 turns).

Breadlance the Cleaver (Minotaur Fighter)          Turns: 13024, Time: 00:43:21

Health: -2/99      AC: 17    Str: 27    XL:     11   Next: 75%
Magic:  0/8        EV:  4    Int:  5    God:    Trog [***...]
Gold:   1094       SH: 13    Dex: 12    Spells: 0 memorised, 10 levels left

rFire  . . .     SeeInvis .     a - +0 war axe
rCold  . . .     Clarity  .     w - +0 plate armour
rNeg   + . .     SustAt   .     c - +0 shield
rPois  .         Gourm    .     (helmet restricted)
rElec  .         Spirit   +     E - +0 cloak
rCorr  .         Warding  .     (no gloves)
rMut   .         Rnd*Tele +     n - +0 pair of boots
MR     +....                    D - amulet of guardian spirit
Stlth  ..........               C - ring "Soxtiusm" {MR+ Str+3}
                                p - ring of positive energy

@: lethally poisoned (-2 -> -57), drained, somewhat resistant to hostile
enchantments, extremely unstealthy
A: retaliatory headbutt, horns 2, agile 1, low mp 1, spit poison 1, teleportitis
1, evolution 1
a: Spit Poison, Berserk, Trog's Hand, Burn Spellbooks, Renounce Religion


You were on level 3 of the Orcish Mines.
You worshipped Trog.
Trog was most pleased with you.
You were very hungry.

You visited 2 branches of the dungeon, and saw 13 of its levels.

You collected 1094 gold pieces.

Inventory:

Hand Weapons
 a - a +0 war axe (weapon)
Armour
 c - a +0 shield (worn)
 n - a +0 pair of boots (worn)
 w - a +0 plate armour (worn)
 E - a +0 cloak (worn)
Jewellery
 o - the amulet of Scepticism {+Rage Int+4}
   (You found it on level 9 of the Dungeon)

   [amulet of rage]

   It affects your intelligence (+4).
   It lets you go berserk.
 p - a ring of positive energy (left hand)
 C - the ring "Soxtiusm" (right hand) {MR+ Str+3}
   (You found it on level 7 of the Dungeon)

   [ring of strength]

   It affects your strength (+3).
   It affects your resistance to hostile enchantments.
 D - an amulet of guardian spirit (around neck)
Wands
 d - a wand of flame (15)
 s - a wand of paralysis (18)
 v - a wand of confusion (22)
 z - a wand of frost (22)
Scrolls
 g - a scroll of fog {unknown}
 h - 2 scrolls of remove curse
 j - a scroll of random uselessness {unknown}
 k - 5 scrolls of identify
 m - 5 scrolls of teleportation
 q - 2 scrolls of magic mapping
 r - a scroll of enchant weapon {unknown}
 t - a scroll of recharging {unknown}
 y - a scroll of brand weapon {unknown}
 A - a scroll of immolation {unknown}
 B - a scroll of summoning {unknown}
 F - 2 scrolls of noise {unknown}
 I - a scroll of fear
Books
 i - a book of Changes

   Spells                             Type                      Level
   a - Beastly Appendage              Transmutation                1
   b - Sticks to Snakes               Transmutation                2
   c - Spider Form                    Transmutation/Poison         3
   d - Ice Form                       Ice/Transmutation            4
   e - Blade Hands                    Transmutation                5
   Trog disapproves of the use of such an item.
 H - a book of Callings

   Spells                             Type                      Level
   a - Summon Small Mammal            Summoning                    1
   b - Call Imp                       Summoning                    2
   c - Call Canine Familiar           Summoning                    3
   d - Summon Guardian Golem          Hexes/Summoning              3
   e - Summon Lightning Spire         Summoning/Air                4
   f - Summon Ice Beast               Ice/Summoning                4
   Trog disapproves of the use of such an item.
Comestibles
 f - 10 fruits
 u - a royal jelly
 x - 2 meat rations


   Skills:
 + Level 10.0(9.4) Fighting
 + Level 12.1(11.5) Axes
 + Level 10.7(10.1) Armour
 + Level 6.0(5.5) Dodging
 + Level 1.1(0.7) Stealth
 + Level 12.0(11.4) Shields


You had 10 spell levels left.
You didn't know any spells.

Dungeon Overview and Level Annotations

Branches:
Dungeon (10/15)            Temple (0/1) D:7            Lair (0/8) D:8
    Orc (3/4) D:10
    Elf: Orc:3-4

Altars:
Cheibriados
Fedhas
Gozag
Okawaru
Sif Muna
Trog
Vehumet
The Shining One
Beogh

Annotations:
Orc:3 Nessos


Innate Abilities, Weirdness & Mutations

You reflexively headbutt those who attack you in melee.
You have a pair of horns on your head.
You are agile. (Dex +2)
Your magical capacity is low (-10% MP).
You can spit weak poison.
You are occasionally teleported next to monsters.
You evolve.


Message History

You see here 2 poisoned arrows.
* * * LOW HITPOINT WARNING * * *
You feel very sick.
Nessos blinks!
An orc comes into view. It is wielding a falchion.
There is a stone staircase leading up here.
You see here 2 poisoned arrows.
* * * LOW HITPOINT WARNING * * *
You feel very sick.
The orc shouts!
Nessos stands on his hind legs for a moment.
Nessos shoots a poisoned arrow.
The poisoned arrow hits you but does no damage.
You are more poisoned.
The orc moves out of view.
The orc sorcerer casts a spell at you. The bolt of negative energy hits you!
You partially resist.
You feel drained.
* * * LOW HITPOINT WARNING * * *
Nessos shoots a poisoned arrow.
The poisoned arrow hits you!
You die...

##.. ......
##...##..c...
#....#.......
#...........#
#......$...#
##.#ยง......# #
#...#(.....#.##
#$..(..........
##.@>(.o...#.
#....(...##
#...$.##.##
##.#..#.#.#
#.#.... ...
...#.#.....#
##.######....#
### ...## #.##


You could see Nessos and an orc sorcerer.

Vanquished Creatures
  Harold (Orc:2)
  An orc high priest (Orc:2)
  A flayed ghost (D:9)
  2 orc knights
  2 trolls
  Grinder (D:3)
  2 fire bats (D:9)
  3 hippogriffs
  6 wraiths
  4 yaks (D:9)
  A steam dragon (D:8)
  A warg (Orc:2)
  9 ice beasts
  A black bear (D:7)
  10 ogres
  2 sky beasts
  A wasp (D:8)
  A necrophage (D:5)
  A phantom (D:6)
  The ghost of Jerry the Shield-Bearer, an amateur DrFi (D:6)
  20 orc warriors
  A crocodile (D:8)
  2 centaurs
  Blork the orc (D:6)
  2 giant frogs
  4 scorpions
  5 killer bees (D:8)
  5 wights
  4 giant frog zombies
  4 crimson imps
  20 orc priests
  7 hounds
  4 jellies (D:9)
  Terence (D:3)
  23 orc wizards
  4 worker ants
  6 gnolls
  14 adders
  2 shadow imps
  2 oozes
  2 adder zombies
  4 worms
  4 giant geckos
  137 orcs
  A ball python (D:4)
  2 giant cockroaches
  7 hobgoblins
  8 jackals
  12 bats
  A giant gecko skeleton (D:9)
  3 giant newts
  5 goblins
  7 kobolds
  6 quokkas
  2 quokka skeletons
  7 rats
390 creatures vanquished.

Notes
Turn   | Place    | Note
--------------------------------------------------------------
     0 | D:1      | Breadlance the Minotaur Fighter began the quest for the Orb.
     0 | D:1      | Reached XP level 1. HP: 19/19 MP: 0/0
   139 | D:1      | Reached XP level 2. HP: 25/27 MP: 1/1
   204 | D:1      | Reached skill level 4 in Shields
   539 | D:2      | Reached XP level 3. HP: 17/33 MP: 2/2
  1235 | D:3      | Reached XP level 4. HP: 40/40 MP: 3/3
  1263 | D:3      | Noticed Terence
  1297 | D:3      | Killed Terence
  1297 | D:3      | Reached skill level 1 in Dodging
  1504 | D:3      | Noticed Grinder
  1509 | D:3      | Paralysed by Grinder for 7 turns
  1879 | D:3      | Paralysed by Grinder for 5 turns
  1889 | D:3      | Killed Grinder
  1889 | D:3      | Reached skill level 5 in Armour
  1889 | D:3      | Reached skill level 5 in Shields
  1889 | D:3      | Reached XP level 5. HP: 11/47 MP: 4/4
  1889 | D:3      | Reached XP level 6. HP: 12/53 MP: 5/5
  2833 | D:4      | Found an iron altar of Okawaru.
  3108 | D:4      | Reached skill level 6 in Armour
  3108 | D:4      | Reached XP level 7. HP: 26/60 MP: 6/6
  3668 | D:5      | Entered Level 5 of the Dungeon
  3668 | D:5      | Found a snail-covered altar of Cheibriados.
  3691 | D:5      | Reached skill level 5 in Axes
  3842 | D:5      | Reached skill level 5 in Fighting
  4042 | D:5      | Reached skill level 7 in Armour
  4492 | D:6      | Noticed Jerry's ghost (amateur DrFi)
  4509 | D:6      | Killed Jerry's ghost
  4509 | D:6      | Reached XP level 8. HP: 27/69 MP: 7/7
  4758 | D:6      | Noticed Blork the orc
  4764 | D:6      | Killed Blork the orc
  5457 | D:7      | Reached skill level 8 in Armour
  5718 | D:7      | Reached XP level 9. HP: 53/78 MP: 8/8
  5724 | D:7      | Reached skill level 5 in Dodging
  5875 | D:7      | Found a glowing golden altar of the Shining One.
  5875 | D:7      | Found an opulent altar of Gozag.
  6245 | D:7      | Got a translucent iron ring
  6318 | D:7      | Found a staircase to the Ecumenical Temple.
  6773 | D:8      | Found a staircase to the Lair.
  6841 | D:8      | Gained mutation: You evolve. [potion of mutation]
  6841 | D:8      | Gained mutation: Your magical capacity is low (-10% MP). [potion of mutation]
  6841 | D:8      | Gained mutation: You are occasionally teleported next to monsters. [potion of mutation]
  7114 | D:8      | Reached skill level 9 in Axes
  7644 | D:9      | Reached XP level 10. HP: 83/88 MP: 8/8
  7786 | D:9      | Found an opulent altar of Gozag.
  7855 | D:9      | Found a radiant altar of Vehumet.
  7872 | D:9      | Found a runed door.
  7882 | D:9      | Found a glowing golden altar of the Shining One.
  7893 | D:9      | Found a deep blue altar of Sif Muna.
  7907 | D:9      | Found a deep blue altar of Sif Muna.
  7985 | D:9      | Reached skill level 10 in Axes
  8002 | D:9      | Found a blossoming altar of Fedhas.
  8018 | D:9      | Found a deep blue altar of Sif Muna.
  8094 | D:9      | Reached skill level 10 in Shields
  8295 | D:9      | Gained mutation: You are agile. (Dex +2) [evolution]
  8861 | D:9      | Noticed a flayed ghost
  8873 | D:9      | Killed a flayed ghost
  8878 | D:9      | Got a crude emerald amulet
  8895 | D:9      | Identified the amulet of Scepticism {+Rage Int+4} (You found it on level 9 of the Dungeon)
  8896 | D:9      | Identified the ring "Soxtiusm" {MR+ Str+3} (You found it on level 7 of the Dungeon)
  8934 | D:10     | Entered Level 10 of the Dungeon
  8971 | D:10     | Reached skill level 1 in Stealth
  8975 | D:10     | Found a staircase to the Orcish Mines.
  8985 | Orc:1    | Entered Level 1 of the Orcish Mines
  8985 | Orc:1    | Found a frozen archway.
  8993 | Orc:1    | Reached skill level 10 in Armour
  9009 | Orc:1    | Reached skill level 11 in Axes
  9013 | Orc:1    | Reached XP level 11. HP: 51/97 MP: 4/8
  9727 | Orc:1    | Found a bloodstained altar of Trog.
  9736 | Orc:1    | Became a worshipper of Trog the Wrathful
 10277 | Orc:1    | Reached * piety under Trog
 10714 | Orc:1    | Gained mutation: You can spit weak poison. [evolution]
 11071 | Orc:2    | Noticed an orc high priest
 11263 | Orc:2    | Noticed Harold
 11270 | Orc:2    | Reached ** piety under Trog
 11283 | Orc:2    | Killed Harold
 12287 | Orc:2    | Reached *** piety under Trog
 12541 | Orc:2    | Received a gift from Trog
 12556 | Orc:2    | Reached skill level 12 in Axes
 12593 | Orc:2    | Reached skill level 10 in Fighting
 12837 | Orc:2    | Killed an orc high priest
 12846 | Orc:2    | Found a roughly hewn altar of Beogh.
 13003 | Orc:3    | Noticed Nessos
 13024 | Orc:3    | Shot with a poisoned arrow by Nessos

Action                   |  1- 3 |  4- 6 |  7- 9 | 10-12 || total
-------------------------+-------+-------+-------+-------++-------
Melee: War axe           |    91 |    94 |   390 |   617 ||  1192
  Use: Scroll            |     6 |       |     2 |     3 ||    11
       Potion            |       |     4 |     8 |     3 ||    15
 Stab: Distracted        |       |       |       |     1 ||     1
  Eat: Bread ration      |     2 |       |     1 |     3 ||     6
       Chunk             |       |       |    10 |     1 ||    11
       Pizza             |       |       |       |     1 ||     1
